 Dungeon Crawl Stone Soup version 0.31-a0-968-g24f9ace8b5 (webtiles) character file.

Game seed: 15408569844681790533

19 Maxmaps the Changeling (level 2, -2/19 HPs)
             Began as an Octopode Shapeshifter on Oct 28, 2023.
             Slain by Terence
             ... wielding a +0 flail
              (10 damage)
             ... on level 2 of the Dungeon.
             The game lasted 00:01:03 (694 turns).

Maxmaps the Changeling (Octopode Shapeshifter)       Turns: 694, Time: 00:01:04

Health: -2/19      AC:  1    Str: 13    XL:     2   Next: 75%
Magic:  2/2        EV: 13    Int: 12    God:
Gold:   27         SH:  0    Dex: 11    Spells: 1/1 levels left

rFire   . .          .
                       - Unarmed
rCold   . . .        (no shield)
rNeg    . . .        (helmet currently unavailable)
rPois   .            (no amulet)
rElec   .            (no ring)
rCorr   .            (no ring)
SInv    .            (no ring)
Will    .....        (no ring)
Stlth   ++           (no ring)
HPRegen 0.23/turn    (no ring)
MPRegen 0.08/turn    (no ring)
                     (no ring)

%: no passive effects
@: beast-form
A: beast (slay +1), almost no armour, amphibious, 8 rings, camouflage 1,
gelatinous body 1, (nimble swimmer 1), tentacles
a: Begin Untransformation


You were on level 2 of the Dungeon.
You were a hulking beast.
You visited 1 branch of the dungeon, and saw 2 of its levels.

You collected 87 gold pieces.
You spent 60 gold pieces at shops.

Inventory:

Talismans
 b - a beast talisman
 c - a flux talisman
Scrolls
 e - a scroll of fog {unknown}
 g - a scroll of poison {unknown}
 j - 2 scrolls of identify {unknown}
 k - a scroll of fear {unknown}
Potions
 a - 2 potions of lignification
 d - 2 potions of curing {unknown}
 f - a potion of heal wounds
 h - a potion of brilliance {unknown}
 i - 2 potions of enlightenment {unknown}


   Skills:
 - Level 2.0 Fighting
 - Level 2.0 Dodging
 - Level 3.0 Unarmed Combat
 + Level 3.4 Shapeshifting


You had one spell level left.
You didn't know any spells.
Your spell library was empty.

Dungeon Overview and Level Annotations

Branches:
Dungeon (2/15)

Altars:

Shops:
D:1 ([(!

Annotations:
D:2 Terence


Innate Abilities, Weirdness & Mutations

You are a hulking beast.
Your limbs bulge with bestial killing power. (Slay +1)
You cannot wear most types of armour.
You are amphibious.
You can wear up to eight rings at the same time.
Your skin changes colour to match your surroundings (Stealth+).
Your rubbery body absorbs attacks. (AC +1, EV +1)
((You are camouflaged when in or above water. (Stealth+)))
You have tentacles for arms and can constrict up to eight enemies at once.


Message History

No target in view!
Terence the Incautious comes into view.
He is wielding a +0 flail and wearing a +2 chain mail of willpower.
Terence is nearby!
Terence hits you with a +0 flail.
Terence is nearby!
You tentacle-slap Terence but do no damage.
Your grab misses Terence. Terence hits you with a +0 flail.
You tentacle-slap Terence but do no damage.
You grab Terence.
You constrict Terence, but do no damage.
Terence barely misses you.
You tentacle-slap Terence. You squeeze Terence.
Terence is moderately wounded.
You constrict Terence, but do no damage.
Terence barely misses you.
You tentacle-slap Terence.
Terence is heavily wounded.
You constrict Terence. Terence hits you with a +0 flail.
You are too injured to fight recklessly!
You are too injured to fight recklessly!
You are too injured to fight recklessly!
You are too injured to fight recklessly!
You are too injured to fight recklessly!
You tentacle-slap Terence but do no damage.
Terence is heavily wounded.
You constrict Terence, but do no damage.
Terence closely misses you.
You tentacle-slap Terence but do no damage.
Terence is heavily wounded.
You constrict Terence, but do no damage.
Terence closely misses you.
You tentacle-slap Terence. You squeeze Terence.
Terence is severely wounded.
You constrict Terence, but do no damage.
Terence barely misses you.
You tentacle-slap Terence but do no damage.
Terence is severely wounded.
You constrict Terence. Terence hits you with a +0 flail!
Ouch! That really hurt!
You die...

#.... ... #....####..
#.......... # #........
.## #.......###...
#...........#
#....@......###########
#.....h...............#
######..............#.#
######..............#.#
#..........#........#.#
#..........#........#.#
#..........#........#.'
#..........+........###
#..........#.##########
#................#.....


You could see Terence.

Vanquished Creatures
  2 bats (D:1)
  4 endoplasms
  A giant cockroach (D:1)
  2 goblins (D:1)
  A hobgoblin (D:1)
  2 ball pythons (D:1)
  2 frilled lizards
  2 kobolds (D:1)
  2 rats (D:1)
18 creatures vanquished.

Notes
Turn   | Place    | Note
-------+----------+-------------------------------------------
     0 | D:1      | Maxmaps the Octopode Shapeshifter began the quest for the
                  | Orb.
     0 | D:1      | Reached XP level 1. HP: 13/13 MP: 1/1
   131 | D:1      | Reached XP level 2. HP: 18/19 MP: 2/2
   204 | D:1      | Found Zuedecloadd's Armour Shoppe.
   207 | D:1      | Found Dautof's Distillery.
   216 | D:1      | Bought a potion of heal wounds for 60 gold pieces
   254 | D:1      | Found Olasyx's Weapon Shoppe.
   421 | D:1      | Found Irofifodd's Antique Weapon Shop.
   684 | D:2      | Noticed Terence
   694 | D:2      | Slain by Terence

Illustrated notes

Levels and vault maps discovered:
D:1:      minmay_arrival_radiant_lines, layout_basic, serial_shops,
          nicolae_shop_crystal, shop, nicolae_shop_crystal, shop
D:2:      kennysheep_six_static_rooms, layout_basic, uniq_terence

Skill      XL: |  1 |
---------------+----+-----
Fighting       | 2 |  2.0
Dodging        | |  2.0
Unarmed Combat | |  3.0
Shapeshifting  | |  3.4

Action                     || total
---------------------------++-------
  Melee: Unarmed           ||    36
         Tentacles         ||     6
         Constrict         ||     5
         Punch             ||     1
   Stab: Sleeping          ||     4
 Armour: Skin              ||    12
  Dodge: Dodged            ||    21

Table legend: (Time is in decaauts)
 A = Elapsed time spent in this place.
 B = Non-inter-level travel time spent in this place.
 C = Inter-level travel time spent in this place.
 D = Time resting spent in this place.
 E = Time spent auto-exploring this place.
 F = Levels seen in this place.
 G = Mean time per level.
                   A        B        C        D        E       F      G
               +--------+--------+--------+--------+--------+-----+--------+
         Total |    691 |    669 |     22 |     41 |    501 |   2 |  345.5 |
       Dungeon |    691 |    669 |     22 |     41 |    501 |   2 |  345.5 |
               +--------+--------+--------+--------+--------+-----+--------+

Top non-repeatable levels by time:
     D:1: 579 daAuts
     D:2: 112 daAuts
